Workbook

Sheet 汇总1
B1: 淮北市支持现代农业发展项目汇总表
B2: 序号 | C2: 项目 | D2: 申报个数 | E2: 申报金额
B3: 1 | C3: 支持种业育繁推体系建设 | D3: 1 | E3: 50
B4: 2 | C4: 支持畜禽良种育繁推体系建设
B5: 3 | C5: 支持种质资源库（圃、场）库项目
B6: 4 | C6: 支持种业科研项目
B7: 5 | C7: 支持良种推广
B8: 6 | C8: 支持畜禽保种场
B9: 7 | C9: 支持食品加工项目
B10: 8 | C10: 支持绿色食品创新项目
B11: 9 | C11: 支持淮北市绿色食品行业协会、农副特产协会、淮北烫面协会
B12: 10 | C12: 主持各类“淮优”农产品专业协会
B13: 11 | C13: 支持淮北市新农人协会
B14: 12 | C14: 支持三品一标和名牌农产品建设 | D14: 6 | E14: 40
B15: 13 | C15: 支持参加农产品展示展销活动项目 | D15: 9 | E15: 6.5
B16: 14 | C16: 支持农业产业化重点龙头企业项目
B17: 15 | C17: 支持农业产业化生态农场项目
B18: 16 | C18: 支持核心育种场项目
B19: 17 | C19: 支持“淮优”农产品生产主体
B20: 18 | C20: 支持淮北优质农产品宣传推广
B21: 19 | C21: 支持农业信息化应用
B22: 20 | C22: 支持企业改造升级 | D22: 1 | E22: 42.9
B23: 21 | C23: 支持烫面门店建设
B24: 22 | C24: 支持原料基地建设
B25: 23 | C25: 支持中央厨房建设
B26: 24 | C26: 支持淮北烫面产业研究院全链条服务
B27: 25 | C27: 支持肉牛养殖扩容增量 | D27: 2 | E27: 85.5
B28: 26 | C28: 推动肉牛产业提档升级 | D28: 2 | E28: 5.22
B29: 27 | C29: 完善财政金融保险政策服务
B30: 28 | C30: 坚持科技赋能创新驱动
C31: 合 计 | D31: 21 | E31: 230.12

Sheet 1.1支持种业育繁推体系建设项目
A1: 支持种业育繁推体系建设项目汇总表
A2: 序号 | B2: 县区 | C2: 项目名称 | D2: 实施单位 | E2: 统一社会信用代码 | F2: 法定代表人 | G2: 法定代表人 身份证号 | H2: 联系方式 （姓名、电话） | I2: 设施设备 投资额（万元） | J2: 补贴标准 | K2: 销售额 （万元） | L2: 县区审定奖补 金额（万元） | M2: 核查审定投 资额（万元） | N2: 核查审定奖补金额（万元） | O2: 拟补贴金额市级拨付 | P2: 市级系数 | Q2: 县区系数
A3: 1 | J3: 0.3 | O3: =ROUND(N3*P3,2) -> 0 | P3: =汇总1!F33 -> 0 | Q3: =汇总1!F35 -> 0
A4: 2 | O4: =ROUND(N4*P4,2) -> 0 | P4: =汇总1!F33 -> 0 | Q4: =汇总1!F35 -> 0
A5: 3 | O5: =ROUND(N5*P5,2) -> 0 | P5: =汇总1!F33 -> 0 | Q5: =汇总1!F35 -> 0
B6: 合 计 | N6: =SUM(N3:N5) -> 0 | O6: =SUM(O3:O5) -> 0

Sheet 1.2、支持畜禽良种育繁推体系建设项目
A1: 支持畜禽良种育繁推体系建设项目汇总表
A2: 序号 | B2: 县区 | C2: 项目名称 | D2: 实施单位 | E2: 统一社会信用代码 | F2: 法定代表人 | G2: 法定代表人 身份证号 | H2: 联系方式 （姓名、电话） | I2: 设施设备 投资额（万元） | J2: 补贴标准 | K2: 销售额 （万元） | L2: 县区审定奖补 金额（万元） | M2: 核查审定投 资额（万元） | N2: 核查审定奖补金额（万元） | O2: 拟补贴金额市级拨付 | P2: 市级系数 | Q2: 县区系数
A3: 1 | J3: 0.3 | O3: =ROUND(N3*P3,2) -> 0 | P3: =汇总1!F33 -> 0 | Q3: =汇总1!F35 -> 0
A4: 2 | O4: =ROUND(N4*P4,2) -> 0 | P4: =汇总1!F33 -> 0 | Q4: =汇总1!F35 -> 0
A5: 3 | O5: =ROUND(N5*P5,2) -> 0 | P5: =汇总1!F33 -> 0 | Q5: =汇总1!F35 -> 0
B6: 合 计 | L6: =SUM(L3:L5) -> 0 | M6: =SUM(M3:M5) -> 0 | N6: =SUM(N3:N5) -> 0 | O6: =SUM(O3:O5) -> 0

Sheet 1.3、支持种质资源库（圃、场）库
A1: 支持种质资源库（圃、场）库项目汇总表
A2: 序号 | B2: 县区 | C2: 项目名称 | D2: 实施单位 | E2: 统一社会信用代码 | F2: 法定代表人 | G2: 法定代表人 身份证号 | H2: 联系方式 （姓名、电话） | I2: 投资额（万元） | J2: 补贴标准 | K2: 县区审定奖补 金额（万元） | L2: 核查审定投资额（万元） | M2: 核查审定奖补 金额（万元） | N2: 拟补贴金额市级拨付 | O2: 市级系数 | P2: 县区系数
A3: 1 | N3: =ROUND(M3*O3,2) -> 0 | O3: =汇总1!F33 -> 0 | P3: =汇总1!F35 -> 0
A4: 2 | N4: 0 | O4: =汇总1!F33 -> 0 | P4: =汇总1!F35 -> 0
B5: 合计 | L5: =SUM(L3:L4) -> 0 | M5: =SUM(M3:M4) -> 0 | N5: =SUM(N3:N4) -> 0

Sheet 1.4、支持种业科研（种业实验室
A1: 支持种业科研项目汇总表（种业实验室）
A2: 序号 | B2: 县区 | C2: 项目名称 | D2: 实施单位 | E2: 统一社会信用代码 | F2: 法定代表人 | G2: 法定代表人 身份证号 | H2: 联系方式 （姓名、电话） | I2: 财政支持内容 | J2: 设备投资 （万元） | K2: 奖补标准 | L2: 县区审定奖补 金额（万元） | M2: 核查审定投资额（万元） | N2: 核查审定奖补 金额（万元） | O2: 拟补贴金额市级拨付 | P2: 拟补贴金额县区配套 | Q2: 市级系数 | R2: 县区系数
A3: 1 | O3: =ROUND(N3*Q3,2) -> 0 | P3: =ROUND(N3*R3,2) -> 0 | Q3: =汇总1!F33 -> 0 | R3: =汇总1!F35 -> 0
A4: 2 | O4: =ROUND(N4*Q4,2) -> 0 | P4: =ROUND(N4*R4,2) -> 0 | Q4: =汇总1!F33 -> 0 | R4: =汇总1!F35 -> 0
A5: 3 | O5: =ROUND(N5*Q5,2) -> 0 | P5: =ROUND(N5*R5,2) -> 0 | Q5: =汇总1!F33 -> 0 | R5: =汇总1!F35 -> 0
A6: 4 | O6: =ROUND(N6*Q6,2) -> 0 | P6: =ROUND(N6*R6,2) -> 0 | Q6: =汇总1!F33 -> 0 | R6: =汇总1!F35 -> 0
A7: 5 | O7: =ROUND(N7*Q7,2) -> 0 | P7: =ROUND(N7*R7,2) -> 0 | Q7: =汇总1!F33 -> 0 | R7: =汇总1!F35 -> 0
A8: 6 | O8: =ROUND(N8*Q8,2) -> 0 | P8: =ROUND(N8*R8,2) -> 0 | Q8: =汇总1!F33 -> 0 | R8: =汇总1!F35 -> 0
A9: 7 | O9: =ROUND(N9*Q9,2) -> 0 | P9: =ROUND(N9*R9,2) -> 0 | Q9: =汇总1!F33 -> 0 | R9: =汇总1!F35 -> 0
A10: 8 | O10: =ROUND(N10*Q10,2) -> 0 | P10: =ROUND(N10*R10,2) -> 0 | Q10: =汇总1!F33 -> 0 | R10: =汇总1!F35 -> 0
A11: 9 | O11: =ROUND(N11*Q11,2) -> 0 | P11: =ROUND(N11*R11,2) -> 0 | Q11: =汇总1!F33 -> 0 | R11: =汇总1!F35 -> 0
A12: 10 | O12: =ROUND(N12*Q12,2) -> 0 | P12: =ROUND(N12*R12,2) -> 0 | Q12: =汇总1!F33 -> 0 | R12: =汇总1!F35 -> 0
A13: 11 | O13: =ROUND(N13*Q13,2) -> 0 | P13: =ROUND(N13*R13,2) -> 0 | Q13: =汇总1!F33 -> 0 | R13: =汇总1!F35 -> 0
A14: 12 | O14: =ROUND(N14*Q14,2) -> 0 | P14: =ROUND(N14*R14,2) -> 0 | Q14: =汇总1!F33 -> 0 | R14: =汇总1!F35 -> 0
A15: 13 | O15: =ROUND(N15*Q15,2) -> 0 | P15: =ROUND(N15*R15,2) -> 0 | Q15: =汇总1!F33 -> 0 | R15: =汇总1!F35 -> 0
A16: 14 | O16: =ROUND(N16*Q16,2) -> 0 | P16: =ROUND(N16*R16,2) -> 0 | Q16: =汇总1!F33 -> 0 | R16: =汇总1!F35 -> 0
A17: 15 | O17: =ROUND(N17*Q17,2) -> 0 | P17: =ROUND(N17*R17,2) -> 0 | Q17: =汇总1!F33 -> 0 | R17: =汇总1!F35 -> 0
B18: 合 计 | L18: =SUM(L3:L17) -> 0 | N18: =SUM(N3:N17) -> 0 | O18: =SUM(O3:O17) -> 0 | P18: =SUM(P3:P17) -> 0

Sheet 1.5、支持种业科研（首席专家）
A1: 支持种业科研项目汇总表（首席专家）
A2: 序号 | B2: 县区 | C2: 项目名称 | D2: 实施单位 | E2: 统一社会信用代码 | F2: 联系方式 （姓名、电话） | G2: 财政支持内容 | H2: 设备投资 （万元） | I2: 奖补标准 | J2: 县区审定奖补 金额（万元） | K2: 核查审定投资额（万元） | L2: 核查审定奖补 金额（万元） | M2: 拟补贴金额市级拨付 | N2: 拟补贴金额县区配套 | O2: 市级系数 | P2: 县区系数
A3: 1 | B3: 烈山区 | C3: 支持种业科研 | D3: 淮北市烈山区烈山镇榴 园社区股份经济合作社 | E3: 宋兴珍 | F3: 首席专家工作室 | I3: 50 | J3: 50 | L3: =ROUND(K3*N3,2) -> 0 | M3: =ROUND(K3*O3,2) -> 0 | N3: =汇总1!F33 -> 0 | O3: =汇总1!F35 -> 0
B4: 合 计 | J4: =SUM(I3:I3) -> 50 | L4: =SUM(K3:K3) -> 0 | M4: =SUM(L3:L3) -> 0 | N4: =SUM(M3:M3) -> 0

Sheet 1.6、支持良种推广项目汇总表（小麦）
A1: 支持良种推广项目汇总表（小麦）
A2: 序号 | B2: 县区 | C2: 项目名称 | D2: 实施单位 | E2: 统一社会信用代码 | F2: 法定代表人 | G2: 法定代表人 身份证号 | H2: 联系方式（姓名、电话） | I2: 财政支持内容 | J2: 小麦面积（亩） | K2: 奖补标准 | L2: 县区审定奖补 金额（万元） | M2: 核查审定投资额（万元） | N2: 核查审定奖补 金额（万元） | O2: 拟补贴金额市级拨付 | P2: 市级系数 | Q2: 县区系数
A3: 1 | O3: =ROUND(N3*P3,2) -> 0 | P3: =汇总1!F33 -> 0 | Q3: =汇总1!F35 -> 0
A4: 2 | O4: =ROUND(N4*P4,2) -> 0 | P4: =汇总1!F33 -> 0 | Q4: =汇总1!F35 -> 0
A5: 3 | O5: =ROUND(N5*P5,2) -> 0 | P5: =汇总1!F33 -> 0 | Q5: =汇总1!F35 -> 0
A6: 4 | O6: =ROUND(N6*P6,2) -> 0 | P6: =汇总1!F33 -> 0 | Q6: =汇总1!F35 -> 0
A7: 5 | O7: =ROUND(N7*P7,2) -> 0 | P7: =汇总1!F33 -> 0 | Q7: =汇总1!F35 -> 0
A8: 6 | O8: =ROUND(N8*P8,2) -> 0 | P8: =汇总1!F33 -> 0 | Q8: =汇总1!F35 -> 0
A9: 7 | O9: =ROUND(N9*P9,2) -> 0 | P9: =汇总1!F33 -> 0 | Q9: =汇总1!F35 -> 0
A10: 8 | O10: =ROUND(N10*P10,2) -> 0 | P10: =汇总1!F33 -> 0 | Q10: =汇总1!F35 -> 0
A11: 9 | O11: =ROUND(N11*P11,2) -> 0 | P11: =汇总1!F33 -> 0 | Q11: =汇总1!F35 -> 0
A12: 10 | O12: =ROUND(N12*P12,2) -> 0 | P12: =汇总1!F33 -> 0 | Q12: =汇总1!F35 -> 0
A13: 11 | O13: =ROUND(N13*P13,2) -> 0 | P13: =汇总1!F33 -> 0 | Q13: =汇总1!F35 -> 0
A14: 12 | O14: =ROUND(N14*P14,2) -> 0 | P14: =汇总1!F33 -> 0 | Q14: =汇总1!F35 -> 0
A15: 13 | O15: =ROUND(N15*P15,2) -> 0 | P15: =汇总1!F33 -> 0 | Q15: =汇总1!F35 -> 0
A16: 14 | O16: =ROUND(N16*P16,2) -> 0 | P16: =汇总1!F33 -> 0 | Q16: =汇总1!F35 -> 0
A17: 15 | O17: =ROUND(N17*P17,2) -> 0 | P17: =汇总1!F33 -> 0 | Q17: =汇总1!F35 -> 0
A18: 16 | O18: =ROUND(N18*P18,2) -> 0 | P18: =汇总1!F33 -> 0 | Q18: =汇总1!F35 -> 0
A19: 17 | O19: =ROUND(N19*P19,2) -> 0 | P19: =汇总1!F33 -> 0 | Q19: =汇总1!F35 -> 0
A20: 18 | O20: =ROUND(N20*P20,2) -> 0 | P20: =汇总1!F33 -> 0 | Q20: =汇总1!F35 -> 0
A21: 19 | O21: =ROUND(N21*P21,2) -> 0 | P21: =汇总1!F33 -> 0 | Q21: =汇总1!F35 -> 0
B22: 合 计 | L22: =SUM(L3:L21) -> 0 | N22: =SUM(N3:N21) -> 0 | O22: =SUM(O3:O21) -> 0

Sheet 1.7、支持良种推广项目汇总表（大豆）
A1: 支持良种推广项目汇总表（大豆）
A2: 序号 | B2: 县区 | C2: 项目名称 | D2: 实施单位 | E2: 统一社会信用代码 | F2: 法定代表人 | G2: 法定代表人 身份证号 | H2: 联系方式（姓名、电话） | I2: 财政支持内容 | J2: 大豆面积（亩） | K2: 奖补标准（元） | L2: 县区审定奖补 金额（万元） | M2: 核查审定投资额（万元） | N2: 核查审定奖补 金额（万元） | O2: 拟补贴金额市级拨付 | P2: 市级系数 | Q2: 县区系数
A3: 1 | O3: =ROUND(N3*P3,2) -> 0 | P3: =汇总1!F33 -> 0 | Q3: =汇总1!F35 -> 0
A4: 2 | O4: =ROUND(N4*P4,2) -> 0 | P4: =汇总1!F33 -> 0 | Q4: =汇总1!F35 -> 0
A5: 3 | O5: =ROUND(N5*P5,2) -> 0 | P5: =汇总1!F33 -> 0 | Q5: =汇总1!F35 -> 0
A6: 4 | O6: =ROUND(N6*P6,2) -> 0 | P6: =汇总1!F33 -> 0 | Q6: =汇总1!F35 -> 0
A7: 5 | O7: =ROUND(N7*P7,2) -> 0 | P7: =汇总1!F33 -> 0 | Q7: =汇总1!F35 -> 0
A8: 6 | O8: =ROUND(N8*P8,2) -> 0 | P8: =汇总1!F33 -> 0 | Q8: =汇总1!F35 -> 0
A9: 7 | O9: =ROUND(N9*P9,2) -> 0 | P9: =汇总1!F33 -> 0 | Q9: =汇总1!F35 -> 0
A10: 8 | O10: =ROUND(N10*P10,2) -> 0 | P10: =汇总1!F33 -> 0 | Q10: =汇总1!F35 -> 0
A11: 9 | O11: =ROUND(N11*P11,2) -> 0 | P11: =汇总1!F33 -> 0 | Q11: =汇总1!F35 -> 0
A12: 10 | O12: =ROUND(N12*P12,2) -> 0 | P12: =汇总1!F33 -> 0 | Q12: =汇总1!F35 -> 0
A13: 11 | O13: =ROUND(N13*P13,2) -> 0 | P13: =汇总1!F33 -> 0 | Q13: =汇总1!F35 -> 0
A14: 12 | O14: =ROUND(N14*P14,2) -> 0 | P14: =汇总1!F33 -> 0 | Q14: =汇总1!F35 -> 0
A15: 13 | O15: =ROUND(N15*P15,2) -> 0 | P15: =汇总1!F33 -> 0 | Q15: =汇总1!F35 -> 0
A16: 14 | O16: =ROUND(N16*P16,2) -> 0 | P16: =汇总1!F33 -> 0 | Q16: =汇总1!F35 -> 0
A17: 15 | O17: =ROUND(N17*P17,2) -> 0 | P17: =汇总1!F33 -> 0 | Q17: =汇总1!F35 -> 0
A18: 16 | O18: =ROUND(N18*P18,2) -> 0 | P18: =汇总1!F33 -> 0 | Q18: =汇总1!F35 -> 0
A19: 17 | O19: =ROUND(N19*P19,2) -> 0 | P19: =汇总1!F33 -> 0 | Q19: =汇总1!F35 -> 0
A20: 18 | O20: =ROUND(N20*P20,2) -> 0 | P20: =汇总1!F33 -> 0 | Q20: =汇总1!F35 -> 0
A21: 19 | O21: =ROUND(N21*P21,2) -> 0 | P21: =汇总1!F33 -> 0 | Q21: =汇总1!F35 -> 0
B22: 合 计 | L22: =SUM(L3:L21) -> 0 | N22: =SUM(N3:N21) -> 0 | O22: =SUM(O3:O21) -> 0

Sheet 2.1支持畜禽保种场
A1: 支持畜禽保种场项目汇总表
A2: 序号 | B2: 县区 | C2: 项目名称 | D2: 实施单位 | E2: 统一社会信用代码 | F2: 法定代表人 | G2: 法定代表人 身份证号 | H2: 联系方式（姓名、电话） | I2: 财政支持内容 | J2: 上级补助资金（万元） | K2: 县区审定奖补 金额（万元） | L2: 核查审定奖补 金额（万元） | M2: 拟补贴金额市级拨付 | N2: 市级系数 | O2: 县区系数
A3: 1 | M3: =ROUND(L3*N3,2) -> 0 | N3: =汇总1!F33 -> 0 | O3: =汇总1!F35 -> 0
A4: 2 | M4: =ROUND(L4*N4,2) -> 0 | N4: =汇总1!F33 -> 0 | O4: =汇总1!F35 -> 0
B5: 合 计 | L5: =SUM(L3:L4) -> 0 | M5: =SUM(M3:M4) -> 0

Sheet 3.1、支持食品加工项目
A1: 支持农产品加工业发展项目汇总表
A2: 序号 | B2: 县区 | C2: 财政支持内容 | D2: 项目名称 | E2: 实施单位 | F2: 统一社会信用代码 | G2: 法定 代表人 | H2: 法定代表人身份证号 | I2: 联系方式（姓名、电话） | J2: 财政支持内容 | K2: 新建项目固投金额（万元） | L2: 扩（改）建项目固投金额（万元） | M2: 奖补标准 | N2: 县区审定奖补 金额（万元） | O2: 核查审定奖补 金额（万元） | P2: 拟补贴金额市级拨付 | Q2: 拟补贴金额县区配套 | R2: 备注 | S2: 市级系数 | T2: 县区系数
A3: 1 | P3: =ROUND(O3*S3,2) -> 0 | Q3: =ROUND(O3*T3,2) -> 0 | S3: =汇总1!F33 -> 0 | T3: =汇总1!F35 -> 0
A4: 2 | P4: =ROUND(O4*S4,2) -> 0 | Q4: =ROUND(O4*T4,2) -> 0 | S4: =汇总1!F33 -> 0 | T4: =汇总1!F35 -> 0
A5: 3 | P5: =ROUND(O5*S5,2) -> 0 | Q5: =ROUND(O5*T5,2) -> 0 | S5: =汇总1!F33 -> 0 | T5: =汇总1!F35 -> 0
A6: 4 | P6: =ROUND(O6*S6,2) -> 0 | Q6: =ROUND(O6*T6,2) -> 0 | S6: =汇总1!F33 -> 0 | T6: =汇总1!F35 -> 0
A7: 5 | P7: =ROUND(O7*S7,2) -> 0 | Q7: =ROUND(O7*T7,2) -> 0 | S7: =汇总1!F33 -> 0 | T7: =汇总1!F35 -> 0
B8: 合 计 | N8: =SUM(N3:N7) -> 0 | P8: =SUM(P3:P7) -> 0 | Q8: =SUM(Q3:Q7) -> 0

Sheet 3.2、支持绿色食品创新项目
A1: 支持绿色食品创新项目汇总表
A2: 序号 | B2: 县区 | C2: 财政支持内容 | D2: 项目名称 | E2: 实施单位 | F2: 统一社会信用代码 | G2: 法定 代表人 | H2: 法定代表人身份证号 | I2: 联系方式（姓名、电话） | J2: 财政支持内容 | K2: 项目启动资金（万元） | L2: 新产品年产值（万元） | M2: 产值增速（不低于2%） | N2: 奖补标准 | O2: 县区审定奖补 金额（万元） | P2: 核查审定奖补 金额（万元） | Q2: 拟补贴金额市级拨付 | R2: 备注 | S2: 市级系数 | T2: 县区系数
A3: 1 | Q3: =ROUND(P3*S3,2) -> 0 | S3: =汇总1!F33 -> 0 | T3: =汇总1!F35 -> 0
A4: 2 | Q4: =ROUND(P4*S4,2) -> 0 | S4: =汇总1!F33 -> 0 | T4: =汇总1!F35 -> 0
A5: 3 | Q5: =ROUND(P5*S5,2) -> 0 | S5: =汇总1!F33 -> 0 | T5: =汇总1!F35 -> 0
A6: 4 | Q6: =ROUND(P6*S6,2) -> 0 | S6: =汇总1!F33 -> 0 | T6: =汇总1!F35 -> 0
A7: 5 | Q7: =ROUND(P7*S7,2) -> 0 | S7: =汇总1!F33 -> 0 | T7: =汇总1!F35 -> 0
B8: 合 计 | O8: =SUM(O3:O7) -> 0 | Q8: =SUM(Q3:Q7) -> 0

Sheet 4.1、支持淮北市绿色食品行业协会、农副特产协会、淮北烫面协会
A1: 支持淮北市绿色食品行业协会、农副特产协会、淮北烫面协会项目汇总表
A2: 序号 | B2: 县区 | C2: 项目名称 | D2: 实施单位 | E2: 统一社会信用代码 | F2: 法定代表人 | G2: 法定代表人身份证号 | H2: 联系方式（姓名、电话） | I2: 年销售 收入（万元） | J2: 规模化标准化生产指导或推广活动（次） | K2: 促成有效对接、展示展销活动（次） | L2: 县区审定奖补 金额（万元） | M2: 核查审定奖补 金额（万元） | N2: 拟补贴金额市级拨付 | O2: 市级系数 | P2: 县区系数
A3: 1 | N3: =ROUND(M3*O3,2) -> 0 | O3: =汇总1!F33 -> 0 | P3: =汇总1!F35 -> 0
A4: 2 | N4: =ROUND(M4*O4,2) -> 0 | O4: =汇总1!F33 -> 0 | P4: =汇总1!F35 -> 0
A5: 3 | N5: =ROUND(M5*O5,2) -> 0 | O5: =汇总1!F33 -> 0 | P5: =汇总1!F35 -> 0
A6: 4 | N6: =ROUND(M6*O6,2) -> 0 | O6: =汇总1!F33 -> 0 | P6: =汇总1!F35 -> 0
A7: 5 | N7: =ROUND(M7*O7,2) -> 0 | O7: =汇总1!F33 -> 0 | P7: =汇总1!F35 -> 0
B8: 合 计 | L8: =SUM(L3:L7) -> 0 | M8: =SUM(M3:M7) -> 0 | N8: =SUM(N3:N7) -> 0

Sheet 4.2、支持各类“淮优”农产品专业协会项目
A1: 支持各类“淮优”农产品专业协会项目汇总表
A2: 序号 | B2: 县区 | C2: 项目名称 | D2: 实施单位 | E2: 统一社会信用代码 | F2: 法定代表人 | G2: 法定代表人身份证号 | H2: 联系方式（姓名、电话） | I2: 年销售 收入（万元） | J2: 会员 数量 | K2: 解决就业人数 | L2: 活动次数（次） | M2: 县区审定奖补 金额（万元） | N2: 核查审定奖补 金额（万元） | O2: 拟补贴金额市级拨付 | P2: 市级系数 | Q2: 县区系数
A3: 1 | O3: =ROUND(N3*P3,2) -> 0 | P3: =汇总1!F33 -> 0 | Q3: =汇总1!F35 -> 0
A4: 2 | O4: =ROUND(N4*P4,2) -> 0 | P4: =汇总1!F33 -> 0 | Q4: =汇总1!F35 -> 0
A5: 3 | O5: =ROUND(N5*P5,2) -> 0 | P5: =汇总1!F33 -> 0 | Q5: =汇总1!F35 -> 0
A6: 4 | O6: =ROUND(N6*P6,2) -> 0 | P6: =汇总1!F33 -> 0 | Q6: =汇总1!F35 -> 0
A7: 5 | O7: =ROUND(N7*P7,2) -> 0 | P7: =汇总1!F33 -> 0 | Q7: =汇总1!F35 -> 0
B8: 合 计 | M8: =SUM(M3:M7) -> 0 | N8: =SUM(N3:N7) -> 0 | O8: =SUM(O3:O7) -> 0

Sheet 4.3、支持淮北市新农人协会
A1: 支持淮北新农人协会项目汇总表
A2: 序号 | B2: 县区 | C2: 项目名称 | D2: 实施单位 | E2: 统一社会信用代码 | F2: 法定代表人 | G2: 法定代表人身份证号 | H2: 联系方式（姓名、电话） | I2: 年销售 收入（万元） | J2: 会员 数量 | K2: 解决就业人数 | L2: 活动次数（次） | M2: 县区审定奖补 金额（万元） | N2: 核查审定奖补 金额（万元） | O2: 拟补贴金额市级拨付 | P2: 市级系数 | Q2: 县区系数
A3: 1 | O3: =ROUND(N3*P3,2) -> 0 | P3: =汇总1!F33 -> 0 | Q3: =汇总1!F35 -> 0
A4: 2 | O4: =ROUND(N4*P4,2) -> 0 | P4: =汇总1!F33 -> 0 | Q4: =汇总1!F35 -> 0
A5: 3 | O5: =ROUND(N5*P5,2) -> 0 | P5: =汇总1!F33 -> 0 | Q5: =汇总1!F35 -> 0
A6: 4 | O6: =ROUND(N6*P6,2) -> 0 | P6: =汇总1!F33 -> 0 | Q6: =汇总1!F35 -> 0
A7: 5 | O7: =ROUND(N7*P7,2) -> 0 | P7: =汇总1!F33 -> 0 | Q7: =汇总1!F35 -> 0
B8: 合 计 | M8: =SUM(M3:M7) -> 0 | N8: =SUM(N3:N7) -> 0 | O8: =SUM(O3:O7) -> 0

Sheet 5.1、支持三品一标和名牌农产品建设
A1: 支持三品一标和名牌农产品建设
A2: 序号 | B2: 县区 | C2: 项目名称 | D2: 实施单位 | E2: 法定 代表人 | F2: 财政支持内容 | G2: 县区审定奖补 金额（万元） | H2: 核查审定奖补 金额（万元） | I2: 拟补贴金额市级拨付 | J2: 备注 | K2: 市级系数 | L2: 县区系数
A3: 1 | B3: 烈山区 | C3: 支持三品一标和名牌农产品建设 | D3: 淮北市烈山区古饶领腾智慧农民种植专业合作社 | E3: 马士民 | F3: 支持三品一标和名牌农产品建设 | G3: 6 | K3: =汇总1!F33 -> 0 | L3: =汇总1!F35 -> 0
A4: 2 | B4: 烈山区 | C4: 支持三品一标和名牌农产品建设 | D4: 淮北市烈山区碧桃家庭农场 | E4: 王云 | F4: 支持三品一标和名牌农产品建设 | G4: 10
A5: 3 | B5: 烈山区 | C5: 支持三品一标和名牌农产品建设 | D5: 淮北市烈山区光明家庭农场 | E5: 徐光明 | F5: 支持三品一标和名牌农产品建设 | G5: 9 | K5: =汇总1!F33 -> 0 | L5: =汇总1!F35 -> 0
A6: 4 | B6: 烈山区 | C6: 支持三品一标和名牌农产品建设 | D6: 淮北市烈山区农业农村水利局 | E6: 黄传建 | F6: 支持三品一标和名牌农产品建设 | G6: 3 | K6: =汇总1!F33 -> 0 | L6: =汇总1!F35 -> 0
A7: 5 | B7: 烈山区 | C7: 支持三品一标和名牌农产品建设 | D7: 淮北市烈山区兴干石榴种植园 | E7: 宋兴干 | F7: 支持三品一标和名牌农产品建设 | G7: 6 | K7: =汇总1!F33 -> 0 | L7: =汇总1!F35 -> 0
A8: 6 | B8: 烈山区 | C8: 支持三品一标和名牌农产品建设 | D8: 淮北市烈山镇塔仙石榴专业合作联社 | E8: 宋继承 | F8: 支持三品一标和名牌农产品建设 | G8: 6 | K8: =汇总1!F33 -> 0 | L8: =汇总1!F35 -> 0
B9: 合 计 | G9: =SUM(G3:G8) -> 40 | H9: =SUM(H3:H8) -> 0 | I9: =SUM(I3:I8) -> 0

Sheet 5.2、支持参加农产品展示展销活动
A1: 支持参加农产品展示展销活动项目汇总表
A2: 序号 | B2: 县区 | C2: 项目名称 | D2: 实施单位 | E2: 法定代表人 | F2: 财政支持内容 | G2: 县区审定奖补 金额（万元） | H2: 核查审定奖补 金额（万元） | I2: 拟补贴金额市级拨付 | J2: 备注 | K2: 市级系数 | L2: 县区系数
A3: 1 | B3: 烈山区 | C3: 支持参加农产品展示展销活动 | D3: 淮北市烈山区古饶镇夏氏豆腐坊 | E3: 夏德义 | F3: 支持参加农产品展示展销活动 | G3: 0.5 | J3: 2025皖美绿色食品暨循环农业博览会（省级） | K3: =汇总1!F33 -> 0 | L3: =汇总1!F35 -> 0
A4: 2 | B4: 烈山区 | C4: 支持参加农产品展示展销活动 | D4: 安徽源田农业科技有限公司 | E4: 欧阳如平 | F4: 支持参加农产品展示展销活动 | G4: 0.5 | J4: 2025皖美绿色食品暨循环农业博览会（省级） | K4: =汇总1!F33 -> 0 | L4: =汇总1!F35 -> 0
A5: 3 | B5: 烈山区 | C5: 支持参加农产品展示展销活动 | D5: 淮北市隆昌农业发展有限责任公司 | E5: 储飚 | F5: 支持参加农产品展示展销活动 | G5: 0.5 | J5: 2025皖美绿色食品暨循环农业博览会（省级） | K5: =汇总1!F33 -> 0 | L5: =汇总1!F35 -> 0
A6: 4 | B6: 烈山区 | C6: 支持参加农产品展示展销活动 | D6: 淮北市烈山区巨峰农民专业合作社 | E6: 秦岩岩 | F6: 支持参加农产品展示展销活动 | G6: 0.5 | J6: 2025皖美绿色食品暨循环农业博览会（省级） | K6: =汇总1!F33 -> 0 | L6: =汇总1!F35 -> 0
A7: 5 | B7: 烈山区 | C7: 支持参加农产品展示展销活动 | D7: 淮北市豆源商贸有限公司 | E7: 郝飞洋 | F7: 支持参加农产品展示展销活动 | G7: 0.5 | J7: 2025皖美绿色食品暨循环农业博览会（省级） | K7: =汇总1!F33 -> 0 | L7: =汇总1!F35 -> 0
A8: 6 | B8: 烈山区 | C8: 支持参加农产品展示展销活动 | D8: 安徽木兰农牧科技有限公司 | E8: 张兰 | F8: 支持参加农产品展示展销活动 | G8: 0.5 | J8: 2025皖美绿色食品暨循环农业博览会（省级） | K8: =汇总1!F33 -> 0 | L8: =汇总1!F35 -> 0
A9: 7 | B9: 烈山区 | C9: 支持参加农产品展示展销活动 | D9: 淮北家园农业科技有限公司 | E9: 闫燕 | F9: 支持参加农产品展示展销活动 | G9: 0.5 | J9: 2025皖美绿色食品暨循环农业博览会（省级） | K9: =汇总1!F33 -> 0 | L9: =汇总1!F35 -> 0
A10: 8 | B10: 烈山区 | C10: 支持参加农产品展示展销活动 | D10: 淮北市烈山区润和家庭农场 | E10: 赵永莲 | F10: 支持参加农产品展示展销活动 | G10: 1 | J10: 2025年全国名特优新农产品产销对接活动（国家级） | K10: =汇总1!F33 -> 0 | L10: =汇总1!F35 -> 0
A11: 9 | B11: 烈山区 | C11: 支持参加农产品展示展销活动 | D11: 淮北市烈山镇塔仙石榴专业合作联社 | E11: 宋继承 | F11: 支持参加农产品展示展销活动 | G11: 2 | J11: 2025年全国名特优新农产品产销对接活动（国家级） 2025年“土特产”推介活动·会理石榴专场（国家级） | K11: =汇总1!F33 -> 0 | L11: =汇总1!F35 -> 0
B12: 合 计 | G12: =SUM(G3:G11) -> 6.5 | H12: =SUM(H3:H11) -> 0 | I12: =SUM(I3:I11) -> 0

Sheet 5.3 支持农业产业化重点龙头企业
A1: 支持农业产业化重点龙头企业项目汇总表
A2: 序号 | B2: 县区 | C2: 项目名称 | D2: 实施单位 | E2: 统一社会信用代码 | F2: 法定代表人 | G2: 法定代表人 身份证号 | H2: 联系方式（姓名、电话） | I2: 财政支持内容 | J2: 县区审定奖补 金额（万元） | K2: 核查审定奖补 金额（万元） | L2: 拟补贴金额市级拨付 | M2: 拟补贴金额县区配套 | N2: 备注 | O2: 市级系数 | P2: 县区系数
A3: 1 | L3: =ROUND(K3*O3,2) -> 0 | M3: =ROUND(K3*P3,2) -> 0 | O3: =汇总1!F33 -> 0 | P3: =汇总1!F35 -> 0
A4: 2 | L4: =ROUND(K4*O4,2) -> 0 | M4: =ROUND(K4*P4,2) -> 0 | O4: =汇总1!F33 -> 0 | P4: =汇总1!F35 -> 0
A5: 3 | L5: =ROUND(K5*O5,2) -> 0 | M5: =ROUND(K5*P5,2) -> 0 | O5: =汇总1!F33 -> 0 | P5: =汇总1!F35 -> 0
A6: 4 | L6: =ROUND(K6*O6,2) -> 0 | M6: =ROUND(K6*P6,2) -> 0 | O6: =汇总1!F33 -> 0 | P6: =汇总1!F35 -> 0
A7: 5 | L7: =ROUND(K7*O7,2) -> 0 | M7: =ROUND(K7*P7,2) -> 0 | O7: =汇总1!F33 -> 0 | P7: =汇总1!F35 -> 0
A8: 6 | L8: =ROUND(K8*O8,2) -> 0 | M8: =ROUND(K8*P8,2) -> 0 | O8: =汇总1!F33 -> 0 | P8: =汇总1!F35 -> 0
A9: 7 | L9: =ROUND(K9*O9,2) -> 0 | M9: =ROUND(K9*P9,2) -> 0 | O9: =汇总1!F33 -> 0 | P9: =汇总1!F35 -> 0
A10: 8 | L10: =ROUND(K10*O10,2) -> 0 | M10: =ROUND(K10*P10,2) -> 0 | O10: =汇总1!F33 -> 0 | P10: =汇总1!F35 -> 0
A11: 9 | L11: =ROUND(K11*O11,2) -> 0 | M11: =ROUND(K11*P11,2) -> 0 | O11: =汇总1!F33 -> 0 | P11: =汇总1!F35 -> 0
A12: 10 | L12: =ROUND(K12*O12,2) -> 0 | M12: =ROUND(K12*P12,2) -> 0 | O12: =汇总1!F33 -> 0 | P12: =汇总1!F35 -> 0
A13: 11 | L13: =ROUND(K13*O13,2) -> 0 | M13: =ROUND(K13*P13,2) -> 0 | O13: =汇总1!F33 -> 0 | P13: =汇总1!F35 -> 0
A14: 12 | L14: =ROUND(K14*O14,2) -> 0 | M14: =ROUND(K14*P14,2) -> 0 | O14: =汇总1!F33 -> 0 | P14: =汇总1!F35 -> 0
A15: 13 | L15: =ROUND(K15*O15,2) -> 0 | M15: =ROUND(K15*P15,2) -> 0 | O15: =汇总1!F33 -> 0 | P15: =汇总1!F35 -> 0
A16: 14 | L16: =ROUND(K16*O16,2) -> 0 | M16: =ROUND(K16*P16,2) -> 0 | O16: =汇总1!F33 -> 0 | P16: =汇总1!F35 -> 0
A17: 15 | L17: =ROUND(K17*O17,2) -> 0 | M17: =ROUND(K17*P17,2) -> 0 | O17: =汇总1!F33 -> 0 | P17: =汇总1!F35 -> 0
A18: 16 | L18: =ROUND(K18*O18,2) -> 0 | M18: =ROUND(K18*P18,2) -> 0 | O18: =汇总1!F33 -> 0 | P18: =汇总1!F35 -> 0
A19: 17 | L19: =ROUND(K19*O19,2) -> 0 | M19: =ROUND(K19*P19,2) -> 0 | O19: =汇总1!F33 -> 0 | P19: =汇总1!F35 -> 0
A20: 18 | L20: =ROUND(K20*O20,2) -> 0 | M20: =ROUND(K20*P20,2) -> 0 | O20: =汇总1!F33 -> 0 | P20: =汇总1!F35 -> 0
A21: 19 | L21: =ROUND(K21*O21,2) -> 0 | M21: =ROUND(K21*P21,2) -> 0 | O21: =汇总1!F33 -> 0 | P21: =汇总1!F35 -> 0
A22: 20 | L22: =ROUND(K22*O22,2) -> 0 | M22: =ROUND(K22*P22,2) -> 0 | O22: =汇总1!F33 -> 0 | P22: =汇总1!F35 -> 0
A23: 21 | L23: =ROUND(K23*O23,2) -> 0 | M23: =ROUND(K23*P23,2) -> 0 | O23: =汇总1!F33 -> 0 | P23: =汇总1!F35 -> 0
A24: 22 | L24: =ROUND(K24*O24,2) -> 0 | M24: =ROUND(K24*P24,2) -> 0 | O24: =汇总1!F33 -> 0 | P24: =汇总1!F35 -> 0
A25: 23 | L25: =ROUND(K25*O25,2) -> 0 | M25: =ROUND(K25*P25,2) -> 0 | O25: =汇总1!F33 -> 0 | P25: =汇总1!F35 -> 0
A26: 24 | L26: =ROUND(K26*O26,2) -> 0 | M26: =ROUND(K26*P26,2) -> 0 | O26: =汇总1!F33 -> 0 | P26: =汇总1!F35 -> 0
A27: 25 | L27: =ROUND(K27*O27,2) -> 0 | M27: =ROUND(K27*P27,2) -> 0 | O27: =汇总1!F33 -> 0 | P27: =汇总1!F35 -> 0
A28: 26 | L28: =ROUND(K28*O28,2) -> 0 | M28: =ROUND(K28*P28,2) -> 0 | O28: =汇总1!F33 -> 0 | P28: =汇总1!F35 -> 0
A29: 27 | L29: =ROUND(K29*O29,2) -> 0 | M29: =ROUND(K29*P29,2) -> 0 | O29: =汇总1!F33 -> 0 | P29: =汇总1!F35 -> 0
A30: 28 | L30: =ROUND(K30*O30,2) -> 0 | M30: =ROUND(K30*P30,2) -> 0 | O30: =汇总1!F33 -> 0 | P30: =汇总1!F35 -> 0
A31: 29 | L31: =ROUND(K31*O31,2) -> 0 | M31: =ROUND(K31*P31,2) -> 0 | O31: =汇总1!F33 -> 0 | P31: =汇总1!F35 -> 0
A32: 30 | L32: =ROUND(K32*O32,2) -> 0 | M32: =ROUND(K32*P32,2) -> 0 | O32: =汇总1!F33 -> 0 | P32: =汇总1!F35 -> 0
A33: 31 | L33: =ROUND(K33*O33,2) -> 0 | M33: =ROUND(K33*P33,2) -> 0 | O33: =汇总1!F33 -> 0 | P33: =汇总1!F35 -> 0
A34: 32 | L34: =ROUND(K34*O34,2) -> 0 | M34: =ROUND(K34*P34,2) -> 0 | O34: =汇总1!F33 -> 0 | P34: =汇总1!F35 -> 0
A35: 33 | L35: =ROUND(K35*O35,2) -> 0 | M35: =ROUND(K35*P35,2) -> 0 | O35: =汇总1!F33 -> 0 | P35: =汇总1!F35 -> 0
A36: 34 | L36: =ROUND(K36*O36,2) -> 0 | M36: =ROUND(K36*P36,2) -> 0 | O36: =汇总1!F33 -> 0 | P36: =汇总1!F35 -> 0
A37: 35 | L37: =ROUND(K37*O37,2) -> 0 | M37: =ROUND(K37*P37,2) -> 0 | O37: =汇总1!F33 -> 0 | P37: =汇总1!F35 -> 0
A38: 36 | L38: =ROUND(K38*O38,2) -> 0 | M38: =ROUND(K38*P38,2) -> 0 | O38: =汇总1!F33 -> 0 | P38: =汇总1!F35 -> 0
A39: 37 | L39: =ROUND(K39*O39,2) -> 0 | M39: =ROUND(K39*P39,2) -> 0 | O39: =汇总1!F33 -> 0 | P39: =汇总1!F35 -> 0
A40: 38 | L40: =ROUND(K40*O40,2) -> 0 | M40: =ROUND(K40*P40,2) -> 0 | O40: =汇总1!F33 -> 0 | P40: =汇总1!F35 -> 0
A41: 39 | L41: =ROUND(K41*O41,2) -> 0 | M41: =ROUND(K41*P41,2) -> 0 | O41: =汇总1!F33 -> 0 | P41: =汇总1!F35 -> 0
A42: 40 | L42: =ROUND(K42*O42,2) -> 0 | M42: =ROUND(K42*P42,2) -> 0 | O42: =汇总1!F33 -> 0 | P42: =汇总1!F35 -> 0
A43: 41 | L43: =ROUND(K43*O43,2) -> 0 | M43: =ROUND(K43*P43,2) -> 0 | O43: =汇总1!F33 -> 0 | P43: =汇总1!F35 -> 0
A44: 42 | L44: =ROUND(K44*O44,2) -> 0 | M44: =ROUND(K44*P44,2) -> 0 | O44: =汇总1!F33 -> 0 | P44: =汇总1!F35 -> 0
A45: 43 | L45: =ROUND(K45*O45,2) -> 0 | M45: =ROUND(K45*P45,2) -> 0 | O45: =汇总1!F33 -> 0 | P45: =汇总1!F35 -> 0
A46: 44 | L46: =ROUND(K46*O46,2) -> 0 | M46: =ROUND(K46*P46,2) -> 0 | O46: =汇总1!F33 -> 0 | P46: =汇总1!F35 -> 0
A47: 45 | L47: =ROUND(K47*O47,2) -> 0 | M47: =ROUND(K47*P47,2) -> 0 | O47: =汇总1!F33 -> 0 | P47: =汇总1!F35 -> 0
A48: 46 | L48: =ROUND(K48*O48,2) -> 0 | M48: =ROUND(K48*P48,2) -> 0 | O48: =汇总1!F33 -> 0 | P48: =汇总1!F35 -> 0
A49: 47 | L49: =ROUND(K49*O49,2) -> 0 | M49: =ROUND(K49*P49,2) -> 0 | O49: =汇总1!F33 -> 0 | P49: =汇总1!F35 -> 0
A50: 48 | L50: =ROUND(K50*O50,2) -> 0 | M50: =ROUND(K50*P50,2) -> 0 | O50: =汇总1!F33 -> 0 | P50: =汇总1!F35 -> 0
A51: 49 | L51: =ROUND(K51*O51,2) -> 0 | M51: =ROUND(K51*P51,2) -> 0 | O51: =汇总1!F33 -> 0 | P51: =汇总1!F35 -> 0
A52: 50 | L52: =ROUND(K52*O52,2) -> 0 | M52: =ROUND(K52*P52,2) -> 0 | O52: =汇总1!F33 -> 0 | P52: =汇总1!F35 -> 0
A53: 51 | L53: =ROUND(K53*O53,2) -> 0 | M53: =ROUND(K53*P53,2) -> 0 | O53: =汇总1!F33 -> 0 | P53: =汇总1!F35 -> 0
A54: 52 | L54: =ROUND(K54*O54,2) -> 0 | M54: =ROUND(K54*P54,2) -> 0 | O54: =汇总1!F33 -> 0 | P54: =汇总1!F35 -> 0
A55: 53 | L55: =ROUND(K55*O55,2) -> 0 | M55: =ROUND(K55*P55,2) -> 0 | O55: =汇总1!F33 -> 0 | P55: =汇总1!F35 -> 0
A56: 54 | L56: =ROUND(K56*O56,2) -> 0 | M56: =ROUND(K56*P56,2) -> 0 | O56: =汇总1!F33 -> 0 | P56: =汇总1!F35 -> 0
A57: 55 | L57: =ROUND(K57*O57,2) -> 0 | M57: =ROUND(K57*P57,2) -> 0 | O57: =汇总1!F33 -> 0 | P57: =汇总1!F35 -> 0
A58: 56 | L58: =ROUND(K58*O58,2) -> 0 | M58: =ROUND(K58*P58,2) -> 0 | O58: =汇总1!F33 -> 0 | P58: =汇总1!F35 -> 0
A59: 57 | L59: =ROUND(K59*O59,2) -> 0 | M59: =ROUND(K59*P59,2) -> 0 | O59: =汇总1!F33 -> 0 | P59: =汇总1!F35 -> 0
A60: 58 | L60: =ROUND(K60*O60,2) -> 0 | M60: =ROUND(K60*P60,2) -> 0 | O60: =汇总1!F33 -> 0 | P60: =汇总1!F35 -> 0
A61: 59 | L61: =ROUND(K61*O61,2) -> 0 | M61: =ROUND(K61*P61,2) -> 0 | O61: =汇总1!F33 -> 0 | P61: =汇总1!F35 -> 0
A62: 60 | L62: =ROUND(K62*O62,2) -> 0 | M62: =ROUND(K62*P62,2) -> 0 | O62: =汇总1!F33 -> 0 | P62: =汇总1!F35 -> 0
A63: 61 | L63: =ROUND(K63*O63,2) -> 0 | M63: =ROUND(K63*P63,2) -> 0 | O63: =汇总1!F33 -> 0 | P63: =汇总1!F35 -> 0
A64: 62 | L64: =ROUND(K64*O64,2) -> 0 | M64: =ROUND(K64*P64,2) -> 0 | O64: =汇总1!F33 -> 0 | P64: =汇总1!F35 -> 0
A65: 63 | L65: =ROUND(K65*O65,2) -> 0 | M65: =ROUND(K65*P65,2) -> 0 | O65: =汇总1!F33 -> 0 | P65: =汇总1!F35 -> 0
A66: 64 | L66: =ROUND(K66*O66,2) -> 0 | M66: =ROUND(K66*P66,2) -> 0 | O66: =汇总1!F33 -> 0 | P66: =汇总1!F35 -> 0
A67: 65 | L67: =ROUND(K67*O67,2) -> 0 | M67: =ROUND(K67*P67,2) -> 0 | O67: =汇总1!F33 -> 0 | P67: =汇总1!F35 -> 0
A68: 66 | L68: =ROUND(K68*O68,2) -> 0 | M68: =ROUND(K68*P68,2) -> 0 | O68: =汇总1!F33 -> 0 | P68: =汇总1!F35 -> 0
A69: 67 | L69: =ROUND(K69*O69,2) -> 0 | M69: =ROUND(K69*P69,2) -> 0 | O69: =汇总1!F33 -> 0 | P69: =汇总1!F35 -> 0
A70: 68 | L70: =ROUND(K70*O70,2) -> 0 | M70: =ROUND(K70*P70,2) -> 0 | O70: =汇总1!F33 -> 0 | P70: =汇总1!F35 -> 0
A71: 69 | L71: =ROUND(K71*O71,2) -> 0 | M71: =ROUND(K71*P71,2) -> 0 | O71: =汇总1!F33 -> 0 | P71: =汇总1!F35 -> 0
A72: 70 | L72: =ROUND(K72*O72,2) -> 0 | M72: =ROUND(K72*P72,2) -> 0 | O72: =汇总1!F33 -> 0 | P72: =汇总1!F35 -> 0
A73: 71 | L73: =ROUND(K73*O73,2) -> 0 | M73: =ROUND(K73*P73,2) -> 0 | O73: =汇总1!F33 -> 0 | P73: =汇总1!F35 -> 0
A74: 72 | L74: =ROUND(K74*O74,2) -> 0 | M74: =ROUND(K74*P74,2) -> 0 | O74: =汇总1!F33 -> 0 | P74: =汇总1!F35 -> 0
A75: 73 | L75: =ROUND(K75*O75,2) -> 0 | M75: =ROUND(K75*P75,2) -> 0 | O75: =汇总1!F33 -> 0 | P75: =汇总1!F35 -> 0
A76: 74 | L76: =ROUND(K76*O76,2) -> 0 | M76: =ROUND(K76*P76,2) -> 0 | O76: =汇总1!F33 -> 0 | P76: =汇总1!F35 -> 0
A77: 75 | L77: =ROUND(K77*O77,2) -> 0 | M77: =ROUND(K77*P77,2) -> 0 | O77: =汇总1!F33 -> 0 | P77: =汇总1!F35 -> 0
A78: 76 | L78: =ROUND(K78*O78,2) -> 0 | M78: =ROUND(K78*P78,2) -> 0 | O78: =汇总1!F33 -> 0 | P78: =汇总1!F35 -> 0
A79: 77 | L79: =ROUND(K79*O79,2) -> 0 | M79: =ROUND(K79*P79,2) -> 0 | O79: =汇总1!F33 -> 0 | P79: =汇总1!F35 -> 0
A80: 78 | L80: =ROUND(K80*O80,2) -> 0 | M80: =ROUND(K80*P80,2) -> 0 | O80: =汇总1!F33 -> 0 | P80: =汇总1!F35 -> 0
A81: 79 | L81: =ROUND(K81*O81,2) -> 0 | M81: =ROUND(K81*P81,2) -> 0 | O81: =汇总1!F33 -> 0 | P81: =汇总1!F35 -> 0
A82: 80 | L82: =ROUND(K82*O82,2) -> 0 | M82: =ROUND(K82*P82,2) -> 0 | O82: =汇总1!F33 -> 0 | P82: =汇总1!F35 -> 0
A83: 81 | L83: =ROUND(K83*O83,2) -> 0 | M83: =ROUND(K83*P83,2) -> 0 | O83: =汇总1!F33 -> 0 | P83: =汇总1!F35 -> 0
A84: 82 | L84: =ROUND(K84*O84,2) -> 0 | M84: =ROUND(K84*P84,2) -> 0 | O84: =汇总1!F33 -> 0 | P84: =汇总1!F35 -> 0
A85: 83 | L85: =ROUND(K85*O85,2) -> 0 | M85: =ROUND(K85*P85,2) -> 0 | O85: =汇总1!F33 -> 0 | P85: =汇总1!F35 -> 0
A86: 84 | L86: =ROUND(K86*O86,2) -> 0 | M86: =ROUND(K86*P86,2) -> 0 | O86: =汇总1!F33 -> 0 | P86: =汇总1!F35 -> 0
A87: 85 | L87: =ROUND(K87*O87,2) -> 0 | M87: =ROUND(K87*P87,2) -> 0 | O87: =汇总1!F33 -> 0 | P87: =汇总1!F35 -> 0
A88: 86 | L88: =ROUND(K88*O88,2) -> 0 | M88: =ROUND(K88*P88,2) -> 0 | O88: =汇总1!F33 -> 0 | P88: =汇总1!F35 -> 0
A89: 87 | L89: =ROUND(K89*O89,2) -> 0 | M89: =ROUND(K89*P89,2) -> 0 | O89: =汇总1!F33 -> 0 | P89: =汇总1!F35 -> 0
A90: 88 | L90: =ROUND(K90*O90,2) -> 0 | M90: =ROUND(K90*P90,2) -> 0 | O90: =汇总1!F33 -> 0 | P90: =汇总1!F35 -> 0
A91: 89 | L91: =ROUND(K91*O91,2) -> 0 | M91: =ROUND(K91*P91,2) -> 0 | O91: =汇总1!F33 -> 0 | P91: =汇总1!F35 -> 0
A92: 90 | L92: =ROUND(K92*O92,2) -> 0 | M92: =ROUND(K92*P92,2) -> 0 | O92: =汇总1!F33 -> 0 | P92: =汇总1!F35 -> 0
A93: 91 | L93: =ROUND(K93*O93,2) -> 0 | M93: =ROUND(K93*P93,2) -> 0 | O93: =汇总1!F33 -> 0 | P93: =汇总1!F35 -> 0
A94: 92 | L94: =ROUND(K94*O94,2) -> 0 | M94: =ROUND(K94*P94,2) -> 0 | O94: =汇总1!F33 -> 0 | P94: =汇总1!F35 -> 0
A95: 93 | L95: =ROUND(K95*O95,2) -> 0 | M95: =ROUND(K95*P95,2) -> 0 | O95: =汇总1!F33 -> 0 | P95: =汇总1!F35 -> 0
A96: 94 | L96: =ROUND(K96*O96,2) -> 0 | M96: =ROUND(K96*P96,2) -> 0 | O96: =汇总1!F33 -> 0 | P96: =汇总1!F35 -> 0
A97: 95 | L97: =ROUND(K97*O97,2) -> 0 | M97: =ROUND(K97*P97,2) -> 0 | O97: =汇总1!F33 -> 0 | P97: =汇总1!F35 -> 0
A98: 96 | L98: =ROUND(K98*O98,2) -> 0 | M98: =ROUND(K98*P98,2) -> 0 | O98: =汇总1!F33 -> 0 | P98: =汇总1!F35 -> 0
A99: 97 | L99: =ROUND(K99*O99,2) -> 0 | M99: =ROUND(K99*P99,2) -> 0 | O99: =汇总1!F33 -> 0 | P99: =汇总1!F35 -> 0
A100: 98 | L100: =ROUND(K100*O100,2) -> 0 | M100: =ROUND(K100*P100,2) -> 0 | O100: =汇总1!F33 -> 0 | P100: =汇总1!F35 -> 0
...

Sheet 5.4、支持生态农场
A1: 支持生态农场项目汇总表
A2: 序号 | B2: 县区 | C2: 项目名称 | D2: 实施单位 | E2: 统一社会信用代码 | F2: 法定 代表人 | G2: 法定代表人身份证号 | H2: 联系方式（姓名、电话） | I2: 财政支持内容 | J2: 县区审定奖补 金额（万元） | K2: 核查审定奖补 金额（万元） | L2: 拟补贴金额市级拨付 | M2: 备注 | N2: 市级系数 | O2: 县区系数
A3: 1 | L3: =ROUND(K3*N3,2) -> 0 | N3: =汇总1!F33 -> 0 | O3: =汇总1!F35 -> 0
A4: 2 | L4: =ROUND(K4*N4,2) -> 0 | N4: =汇总1!F33 -> 0 | O4: =汇总1!F35 -> 0
A5: 3 | L5: =ROUND(K5*N5,2) -> 0 | N5: =汇总1!F33 -> 0 | O5: =汇总1!F35 -> 0
A6: 4 | L6: =ROUND(K6*N6,2) -> 0 | N6: =汇总1!F33 -> 0 | O6: =汇总1!F35 -> 0
A7: 5 | L7: =ROUND(K7*N7,2) -> 0 | N7: =汇总1!F33 -> 0 | O7: =汇总1!F35 -> 0
A8: 6 | L8: =ROUND(K8*N8,2) -> 0 | N8: =汇总1!F33 -> 0 | O8: =汇总1!F35 -> 0
A9: 7 | L9: =ROUND(K9*N9,2) -> 0 | N9: =汇总1!F33 -> 0 | O9: =汇总1!F35 -> 0
A10: 8 | L10: =ROUND(K10*N10,2) -> 0 | N10: =汇总1!F33 -> 0 | O10: =汇总1!F35 -> 0
A11: 9 | L11: =ROUND(K11*N11,2) -> 0 | N11: =汇总1!F33 -> 0 | O11: =汇总1!F35 -> 0
A12: 10 | L12: =ROUND(K12*N12,2) -> 0 | N12: =汇总1!F33 -> 0 | O12: =汇总1!F35 -> 0
A13: 11 | L13: =ROUND(K13*N13,2) -> 0 | N13: =汇总1!F33 -> 0 | O13: =汇总1!F35 -> 0
A14: 12 | L14: =ROUND(K14*N14,2) -> 0 | N14: =汇总1!F33 -> 0 | O14: =汇总1!F35 -> 0
A15: 13 | L15: =ROUND(K15*N15,2) -> 0 | N15: =汇总1!F33 -> 0 | O15: =汇总1!F35 -> 0
A16: 14 | L16: =ROUND(K16*N16,2) -> 0 | N16: =汇总1!F33 -> 0 | O16: =汇总1!F35 -> 0
A17: 15 | L17: =ROUND(K17*N17,2) -> 0 | N17: =汇总1!F33 -> 0 | O17: =汇总1!F35 -> 0
A18: 16 | L18: =ROUND(K18*N18,2) -> 0 | N18: =汇总1!F33 -> 0 | O18: =汇总1!F35 -> 0
A19: 17 | L19: =ROUND(K19*N19,2) -> 0 | N19: =汇总1!F33 -> 0 | O19: =汇总1!F35 -> 0
A20: 18 | L20: =ROUND(K20*N20,2) -> 0 | N20: =汇总1!F33 -> 0 | O20: =汇总1!F35 -> 0
A21: 19 | L21: =ROUND(K21*N21,2) -> 0 | N21: =汇总1!F33 -> 0 | O21: =汇总1!F35 -> 0
A22: 20 | L22: =ROUND(K22*N22,2) -> 0 | N22: =汇总1!F33 -> 0 | O22: =汇总1!F35 -> 0
A23: 21 | L23: =ROUND(K23*N23,2) -> 0 | N23: =汇总1!F33 -> 0 | O23: =汇总1!F35 -> 0
A24: 22 | L24: =ROUND(K24*N24,2) -> 0 | N24: =汇总1!F33 -> 0 | O24: =汇总1!F35 -> 0
A25: 23 | L25: =ROUND(K25*N25,2) -> 0 | N25: =汇总1!F33 -> 0 | O25: =汇总1!F35 -> 0
A26: 24 | L26: =ROUND(K26*N26,2) -> 0 | N26: =汇总1!F33 -> 0 | O26: =汇总1!F35 -> 0
A27: 25 | L27: =ROUND(K27*N27,2) -> 0 | N27: =汇总1!F33 -> 0 | O27: =汇总1!F35 -> 0
A28: 26 | L28: =ROUND(K28*N28,2) -> 0 | N28: =汇总1!F33 -> 0 | O28: =汇总1!F35 -> 0
A29: 27 | L29: =ROUND(K29*N29,2) -> 0 | N29: =汇总1!F33 -> 0 | O29: =汇总1!F35 -> 0
A30: 28 | L30: =ROUND(K30*N30,2) -> 0 | N30: =汇总1!F33 -> 0 | O30: =汇总1!F35 -> 0
A31: 29 | L31: =ROUND(K31*N31,2) -> 0 | N31: =汇总1!F33 -> 0 | O31: =汇总1!F35 -> 0
A32: 30 | L32: =ROUND(K32*N32,2) -> 0 | N32: =汇总1!F33 -> 0 | O32: =汇总1!F35 -> 0
A33: 31 | L33: =ROUND(K33*N33,2) -> 0 | N33: =汇总1!F33 -> 0 | O33: =汇总1!F35 -> 0
A34: 32 | L34: =ROUND(K34*N34,2) -> 0 | N34: =汇总1!F33 -> 0 | O34: =汇总1!F35 -> 0
A35: 33 | L35: =ROUND(K35*N35,2) -> 0 | N35: =汇总1!F33 -> 0 | O35: =汇总1!F35 -> 0
A36: 34 | L36: =ROUND(K36*N36,2) -> 0 | N36: =汇总1!F33 -> 0 | O36: =汇总1!F35 -> 0
A37: 35 | L37: =ROUND(K37*N37,2) -> 0 | N37: =汇总1!F33 -> 0 | O37: =汇总1!F35 -> 0
A38: 36 | L38: =ROUND(K38*N38,2) -> 0 | N38: =汇总1!F33 -> 0 | O38: =汇总1!F35 -> 0
A39: 37 | L39: =ROUND(K39*N39,2) -> 0 | N39: =汇总1!F33 -> 0 | O39: =汇总1!F35 -> 0
A40: 38 | L40: =ROUND(K40*N40,2) -> 0 | N40: =汇总1!F33 -> 0 | O40: =汇总1!F35 -> 0
A41: 39 | L41: =ROUND(K41*N41,2) -> 0 | N41: =汇总1!F33 -> 0 | O41: =汇总1!F35 -> 0
A42: 40 | L42: =ROUND(K42*N42,2) -> 0 | N42: =汇总1!F33 -> 0 | O42: =汇总1!F35 -> 0
A43: 41 | L43: =ROUND(K43*N43,2) -> 0 | N43: =汇总1!F33 -> 0 | O43: =汇总1!F35 -> 0
A44: 42 | L44: =ROUND(K44*N44,2) -> 0 | N44: =汇总1!F33 -> 0 | O44: =汇总1!F35 -> 0
A45: 43 | L45: =ROUND(K45*N45,2) -> 0 | N45: =汇总1!F33 -> 0 | O45: =汇总1!F35 -> 0
A46: 44 | L46: =ROUND(K46*N46,2) -> 0 | N46: =汇总1!F33 -> 0 | O46: =汇总1!F35 -> 0
A47: 45 | L47: =ROUND(K47*N47,2) -> 0 | N47: =汇总1!F33 -> 0 | O47: =汇总1!F35 -> 0
A48: 46 | L48: =ROUND(K48*N48,2) -> 0 | N48: =汇总1!F33 -> 0 | O48: =汇总1!F35 -> 0
A49: 47 | L49: =ROUND(K49*N49,2) -> 0 | N49: =汇总1!F33 -> 0 | O49: =汇总1!F35 -> 0
A50: 48 | L50: =ROUND(K50*N50,2) -> 0 | N50: =汇总1!F33 -> 0 | O50: =汇总1!F35 -> 0
A51: 49 | L51: =ROUND(K51*N51,2) -> 0 | N51: =汇总1!F33 -> 0 | O51: =汇总1!F35 -> 0
A52: 50 | L52: =ROUND(K52*N52,2) -> 0 | N52: =汇总1!F33 -> 0 | O52: =汇总1!F35 -> 0
A53: 51 | L53: =ROUND(K53*N53,2) -> 0 | N53: =汇总1!F33 -> 0 | O53: =汇总1!F35 -> 0
A54: 52 | L54: =ROUND(K54*N54,2) -> 0 | N54: =汇总1!F33 -> 0 | O54: =汇总1!F35 -> 0
A55: 53 | L55: =ROUND(K55*N55,2) -> 0 | N55: =汇总1!F33 -> 0 | O55: =汇总1!F35 -> 0
A56: 54 | L56: =ROUND(K56*N56,2) -> 0 | N56: =汇总1!F33 -> 0 | O56: =汇总1!F35 -> 0
A57: 55 | L57: =ROUND(K57*N57,2) -> 0 | N57: =汇总1!F33 -> 0 | O57: =汇总1!F35 -> 0
A58: 56 | L58: =ROUND(K58*N58,2) -> 0 | N58: =汇总1!F33 -> 0 | O58: =汇总1!F35 -> 0
A59: 57 | L59: =ROUND(K59*N59,2) -> 0 | N59: =汇总1!F33 -> 0 | O59: =汇总1!F35 -> 0
A60: 58 | L60: =ROUND(K60*N60,2) -> 0 | N60: =汇总1!F33 -> 0 | O60: =汇总1!F35 -> 0
A61: 59 | L61: =ROUND(K61*N61,2) -> 0 | N61: =汇总1!F33 -> 0 | O61: =汇总1!F35 -> 0
A62: 60 | L62: =ROUND(K62*N62,2) -> 0 | N62: =汇总1!F33 -> 0 | O62: =汇总1!F35 -> 0
A63: 61 | L63: =ROUND(K63*N63,2) -> 0 | N63: =汇总1!F33 -> 0 | O63: =汇总1!F35 -> 0
A64: 62 | L64: =ROUND(K64*N64,2) -> 0 | N64: =汇总1!F33 -> 0 | O64: =汇总1!F35 -> 0
A65: 63 | L65: =ROUND(K65*N65,2) -> 0 | N65: =汇总1!F33 -> 0 | O65: =汇总1!F35 -> 0
A66: 64 | L66: =ROUND(K66*N66,2) -> 0 | N66: =汇总1!F33 -> 0 | O66: =汇总1!F35 -> 0
A67: 65 | L67: =ROUND(K67*N67,2) -> 0 | N67: =汇总1!F33 -> 0 | O67: =汇总1!F35 -> 0
A68: 66 | L68: =ROUND(K68*N68,2) -> 0 | N68: =汇总1!F33 -> 0 | O68: =汇总1!F35 -> 0
A69: 67 | L69: =ROUND(K69*N69,2) -> 0 | N69: =汇总1!F33 -> 0 | O69: =汇总1!F35 -> 0
A70: 68 | L70: =ROUND(K70*N70,2) -> 0 | N70: =汇总1!F33 -> 0 | O70: =汇总1!F35 -> 0
A71: 69 | L71: =ROUND(K71*N71,2) -> 0 | N71: =汇总1!F33 -> 0 | O71: =汇总1!F35 -> 0
B72: 合计 | J72: =SUM(J3:J71) -> 0 | K72: =SUM(K3:K71) -> 0 | L72: =SUM(L3:L71) -> 0

Sheet 5.5、支持核心育种场
A1: 支持核心育种场项目汇总表
A2: 序号 | B2: 县区 | C2: 项目名称 | D2: 实施单位 | E2: 统一社会信用代码 | F2: 法定代表人 | G2: 法定代表人 身份证号 | H2: 联系方式（姓名、电话） | I2: 财政支持内容 | J2: 县区审定奖补 金额（万元） | K2: 核查审定奖补 金额（万元） | L2: 拟补贴金额市级拨付 | M2: 拟补贴金额县区配套 | N2: 备注 | O2: 市级系数 | P2: 县区系数
A3: 1 | L3: =ROUND(K3*O3,2) -> 0 | M3: =ROUND(K3*P3,2) -> 0 | O3: =汇总1!F33 -> 0 | P3: =汇总1!F35 -> 0
A4: 2 | L4: =ROUND(K4*O4,2) -> 0 | M4: =ROUND(K4*P4,2) -> 0 | O4: =汇总1!F33 -> 0 | P4: =汇总1!F35 -> 0
A5: 3 | L5: =ROUND(K5*O5,2) -> 0 | M5: =ROUND(K5*P5,2) -> 0 | O5: =汇总1!F33 -> 0 | P5: =汇总1!F35 -> 0
A6: 4 | L6: =ROUND(K6*O6,2) -> 0 | M6: =ROUND(K6*P6,2) -> 0 | O6: =汇总1!F33 -> 0 | P6: =汇总1!F35 -> 0
A7: 5 | L7: =ROUND(K7*O7,2) -> 0 | M7: =ROUND(K7*P7,2) -> 0 | O7: =汇总1!F33 -> 0 | P7: =汇总1!F35 -> 0
A8: 6 | L8: =ROUND(K8*O8,2) -> 0 | M8: =ROUND(K8*P8,2) -> 0 | O8: =汇总1!F33 -> 0 | P8: =汇总1!F35 -> 0
A9: 7 | L9: =ROUND(K9*O9,2) -> 0 | M9: =ROUND(K9*P9,2) -> 0 | O9: =汇总1!F33 -> 0 | P9: =汇总1!F35 -> 0
A10: 8 | L10: =ROUND(K10*O10,2) -> 0 | M10: =ROUND(K10*P10,2) -> 0 | O10: =汇总1!F33 -> 0 | P10: =汇总1!F35 -> 0
A11: 9 | L11: =ROUND(K11*O11,2) -> 0 | M11: =ROUND(K11*P11,2) -> 0 | O11: =汇总1!F33 -> 0 | P11: =汇总1!F35 -> 0
A12: 10 | L12: =ROUND(K12*O12,2) -> 0 | M12: =ROUND(K12*P12,2) -> 0 | O12: =汇总1!F33 -> 0 | P12: =汇总1!F35 -> 0
A13: 11 | L13: =ROUND(K13*O13,2) -> 0 | M13: =ROUND(K13*P13,2) -> 0 | O13: =汇总1!F33 -> 0 | P13: =汇总1!F35 -> 0
A14: 12 | L14: =ROUND(K14*O14,2) -> 0 | M14: =ROUND(K14*P14,2) -> 0 | O14: =汇总1!F33 -> 0 | P14: =汇总1!F35 -> 0
A15: 13 | L15: =ROUND(K15*O15,2) -> 0 | M15: =ROUND(K15*P15,2) -> 0 | O15: =汇总1!F33 -> 0 | P15: =汇总1!F35 -> 0
A16: 14 | L16: =ROUND(K16*O16,2) -> 0 | M16: =ROUND(K16*P16,2) -> 0 | O16: =汇总1!F33 -> 0 | P16: =汇总1!F35 -> 0
A17: 15 | L17: =ROUND(K17*O17,2) -> 0 | M17: =ROUND(K17*P17,2) -> 0 | O17: =汇总1!F33 -> 0 | P17: =汇总1!F35 -> 0
A18: 16 | L18: =ROUND(K18*O18,2) -> 0 | M18: =ROUND(K18*P18,2) -> 0 | O18: =汇总1!F33 -> 0 | P18: =汇总1!F35 -> 0
A19: 17 | L19: =ROUND(K19*O19,2) -> 0 | M19: =ROUND(K19*P19,2) -> 0 | O19: =汇总1!F33 -> 0 | P19: =汇总1!F35 -> 0
A20: 18 | L20: =ROUND(K20*O20,2) -> 0 | M20: =ROUND(K20*P20,2) -> 0 | O20: =汇总1!F33 -> 0 | P20: =汇总1!F35 -> 0
A21: 19 | L21: =ROUND(K21*O21,2) -> 0 | M21: =ROUND(K21*P21,2) -> 0 | O21: =汇总1!F33 -> 0 | P21: =汇总1!F35 -> 0
A22: 20 | L22: =ROUND(K22*O22,2) -> 0 | M22: =ROUND(K22*P22,2) -> 0 | O22: =汇总1!F33 -> 0 | P22: =汇总1!F35 -> 0
A23: 21 | L23: =ROUND(K23*O23,2) -> 0 | M23: =ROUND(K23*P23,2) -> 0 | O23: =汇总1!F33 -> 0 | P23: =汇总1!F35 -> 0
A24: 22 | L24: =ROUND(K24*O24,2) -> 0 | M24: =ROUND(K24*P24,2) -> 0 | O24: =汇总1!F33 -> 0 | P24: =汇总1!F35 -> 0
A25: 23 | L25: =ROUND(K25*O25,2) -> 0 | M25: =ROUND(K25*P25,2) -> 0 | O25: =汇总1!F33 -> 0 | P25: =汇总1!F35 -> 0
B26: 合 计 | J26: =SUM(J3:J25) -> 0 | K26: =SUM(K3:K25) -> 0 | L26: =SUM(L3:L25) -> 0 | M26: =SUM(M3:M25) -> 0 | P26: =汇总1!F35 -> 0

Sheet 5.6、支持“淮优”农产品主体
A1: 支持“淮优”农产品生产主体
A2: 序号 | B2: 项目名称 | C2: 实施单位 | D2: 财政支持内容 | E2: 申请财政资金（万元） | F2: 拟补贴金额（万元）
A3: 1

Sheet 5.7、支持“淮优”农产品推广
A1: 支持“淮优”农产品推广宣传
A2: 序号 | B2: 项目名称 | C2: 实施单位 | D2: 财政支持内容 | E2: 申请财政资金（万元） | F2: 拟补贴金额（万元）

Sheet 6、支持农业信息化应用
A1: 支持农业信息化应用项目汇总表
A2: 序号 | B2: 县区 | C2: 财政支持内容 | D2: 项目名称 | E2: 实施单位 | F2: 统一社会信用代码 | G2: 法定 代表人 | H2: 法定代表人身份证号 | I2: 联系方式（姓名、电话） | J2: 财政支持内容 | K2: 物联网软件设备投资金额 | L2: 奖补标准 | M2: 县区审定奖补 金额（万元） | N2: 核查审定奖补 金额（万元） | O2: 拟补贴金额市级拨付 | P2: 拟补贴金额县区配套 | Q2: 备注 | R2: 市级系数 | S2: 县区系数
A3: 1 | O3: =ROUND(N3*R3,2) -> 0 | P3: =ROUND(N3*S3,2) -> 0 | R3: =汇总1!F33 -> 0 | S3: =汇总1!F35 -> 0
A4: 2 | O4: =ROUND(N4*R4,2) -> 0 | P4: =ROUND(N4*S4,2) -> 0 | R4: =汇总1!F33 -> 0 | S4: =汇总1!F35 -> 0
A5: 3 | O5: =ROUND(N5*R5,2) -> 0 | P5: =ROUND(N5*S5,2) -> 0 | R5: =汇总1!F33 -> 0 | S5: =汇总1!F35 -> 0
A6: 4 | O6: =ROUND(N6*R6,2) -> 0 | P6: =ROUND(N6*S6,2) -> 0 | R6: =汇总1!F33 -> 0 | S6: =汇总1!F35 -> 0
A7: 5 | O7: =ROUND(N7*R7,2) -> 0 | P7: =ROUND(N7*S7,2) -> 0 | R7: =汇总1!F33 -> 0 | S7: =汇总1!F35 -> 0
B8: 合 计 | M8: =SUM(M3:M7) -> 0 | O8: =SUM(O3:O7) -> 0 | P8: =SUM(P3:P7) -> 0

Sheet 7.1、支持企业改造升级
A1: 支持企业改造升级项目汇总表
A2: 序号 | B2: 县区 | C2: 财政支持内容 | D2: 项目名称 | E2: 实施单位 | F2: 法定 代表人 | G2: 财政支持内容 | H2: 改造、新建生产车间厂房金额（万元） | I2: 洁净等级 | J2: 奖补标准 | K2: 县区审定奖补 金额（万元） | L2: 核查审定奖补 金额（万元） | M2: 拟补贴金额市级拨付 | N2: 备注 | O2: 市级系数 | P2: 县区系数
A3: 1 | B3: 烈山区 | C3: 支持企业改造升级 | D3: 支持企业改造升级 | E3: 淮北光照食品有限责任公司 | F3: 荣义荣 | G3: 支持企业改造升级 | H3: 214.53 | I3: 10万 | J3: 固定资产投资的20% | K3: 42.9 | M3: =ROUND(L3*O3,2) -> 0 | O3: =汇总1!F33 -> 0 | P3: =汇总1!F35 -> 0
B4: 合 计 | K4: =SUM(K3:K3) -> 42.9 | M4: =SUM(M3:M3) -> 0

Sheet 7.2、支持烫面门店建设
A1: 支持烫面门店建设项目汇总表
A2: 序号 | B2: 县区 | C2: 财政支持内容 | D2: 项目名称 | E2: 实施单位 | F2: 统一社会信用代码 | G2: 法定 代表人 | H2: 法定代表人身份证号 | I2: 联系方式（姓名、电话） | J2: 财政支持内容 | K2: 奖补标准 | L2: 县区审定奖补 金额（万元） | M2: 核查审定奖补 金额（万元） | N2: 拟补贴金额市级拨付 | O2: 备注 | P2: 市级系数 | Q2: 县区系数
A3: 1 | N3: =ROUND(M3*P3,2) -> 0 | P3: =汇总1!F33 -> 0 | Q3: =汇总1!F35 -> 0
A4: 2 | N4: =ROUND(M4*P4,2) -> 0 | P4: =汇总1!F33 -> 0 | Q4: =汇总1!F35 -> 0
A5: 3 | N5: =ROUND(M5*P5,2) -> 0 | P5: =汇总1!F33 -> 0 | Q5: =汇总1!F35 -> 0
A6: 4 | N6: =ROUND(M6*P6,2) -> 0 | P6: =汇总1!F33 -> 0 | Q6: =汇总1!F35 -> 0
A7: 5 | N7: =ROUND(M7*P7,2) -> 0 | P7: =汇总1!F33 -> 0 | Q7: =汇总1!F35 -> 0
B8: 合 计 | L8: =SUM(L3:L7) -> 0 | N8: =SUM(N3:N7) -> 0

Sheet 7.3、支持原料基地建设
A1: 支持原料基地建设项目汇总表
A2: 序号 | B2: 县区 | C2: 财政支持内容 | D2: 项目名称 | E2: 实施单位 | F2: 统一社会信用代码 | G2: 法定 代表人 | H2: 法定代表人身份证号 | I2: 联系方式（姓名、电话） | J2: 财政支持内容 | K2: 年产值（万元） | L2: 食品许可证 | M2: 使用基地原料（万元） | N2: 奖补标准 | O2: 县区审定奖补 金额（万元） | P2: 核查审定奖补 金额（万元） | Q2: 拟补贴金额市级拨付 | R2: 备注 | S2: 市级系数 | T2: 县区系数
A3: 1 | Q3: =ROUND(P3*S3,2) -> 0 | S3: =汇总1!F33 -> 0 | T3: =汇总1!F35 -> 0
A4: 2 | Q4: =ROUND(P4*S4,2) -> 0 | S4: =汇总1!F33 -> 0 | T4: =汇总1!F35 -> 0
A5: 3 | Q5: =ROUND(P5*S5,2) -> 0 | S5: =汇总1!F33 -> 0 | T5: =汇总1!F35 -> 0
A6: 4 | Q6: =ROUND(P6*S6,2) -> 0 | S6: =汇总1!F33 -> 0 | T6: =汇总1!F35 -> 0
A7: 5 | Q7: =ROUND(P7*S7,2) -> 0 | S7: =汇总1!F33 -> 0 | T7: =汇总1!F35 -> 0
B8: 合 计 | O8: =SUM(O3:O7) -> 0 | Q8: =SUM(Q3:Q7) -> 0

Sheet 7.4、支持中央厨房建设
A1: 支持中央厨房建设项目汇总表
A2: 序号 | B2: 县区 | C2: 财政支持内容 | D2: 项目名称 | E2: 实施单位 | F2: 统一社会信用代码 | G2: 法定 代表人 | H2: 法定代表人身份证号 | I2: 联系方式（姓名、电话） | J2: 财政支持内容 | K2: 建设面积（平方米） | L2: 奖补标准 | M2: 县区审定奖补 金额（万元） | N2: 核查审定奖补 金额（万元） | O2: 拟补贴金额市级拨付 | P2: 备注 | Q2: 市级系数 | R2: 县区系数
A3: 1 | O3: =ROUND(N3*Q3,2) -> 0 | Q3: =汇总1!F33 -> 0 | R3: =汇总1!F35 -> 0
A4: 2 | O4: =ROUND(N4*Q4,2) -> 0 | Q4: =汇总1!F33 -> 0 | R4: =汇总1!F35 -> 0
A5: 3 | O5: =ROUND(N5*Q5,2) -> 0 | Q5: =汇总1!F33 -> 0 | R5: =汇总1!F35 -> 0
A6: 4 | O6: =ROUND(N6*Q6,2) -> 0 | Q6: =汇总1!F33 -> 0 | R6: =汇总1!F35 -> 0
A7: 5 | O7: =ROUND(N7*Q7,2) -> 0 | Q7: =汇总1!F33 -> 0 | R7: =汇总1!F35 -> 0
B8: 合 计 | M8: =SUM(M3:M7) -> 0 | O8: =SUM(O3:O7) -> 0

Sheet 7.5、支持淮北烫面产业研究院全链条服务
A1: 支持淮北烫面产业研究院全链条服务项目汇总表
A2: 序号 | B2: 县区 | C2: 财政支持内容 | D2: 项目名称 | E2: 实施单位 | F2: 统一社会信用代码 | G2: 法定 代表人 | H2: 法定代表人身份证号 | I2: 联系方式（姓名、电话） | J2: 财政支持内容 | K2: 年产值（万元） | L2: 奖补标准 | M2: 县区审定奖补 金额（万元） | N2: 核查审定奖补 金额（万元） | O2: 拟补贴金额市级拨付 | P2: 备注 | Q2: 市级系数 | R2: 县区系数
A3: 1 | O3: =ROUND(N3*Q3,2) -> 0 | Q3: =汇总1!F33 -> 0 | R3: =汇总1!F35 -> 0
A4: 2 | O4: =ROUND(N4*Q4,2) -> 0 | Q4: =汇总1!F33 -> 0 | R4: =汇总1!F35 -> 0
A5: 3 | O5: =ROUND(N5*Q5,2) -> 0 | Q5: =汇总1!F33 -> 0 | R5: =汇总1!F35 -> 0
A6: 4 | O6: =ROUND(N6*Q6,2) -> 0 | Q6: =汇总1!F33 -> 0 | R6: =汇总1!F35 -> 0
A7: 5 | O7: =ROUND(N7*Q7,2) -> 0 | Q7: =汇总1!F33 -> 0 | R7: =汇总1!F35 -> 0
B8: 合 计 | M8: =SUM(M3:M7) -> 0 | O8: =SUM(O3:O7) -> 0

Sheet 8.1、支持肉牛养殖扩容增量
A1: 支持肉牛养殖扩容增量项目汇总表
A2: 序号 | B2: 县区 | C2: 财政支持内容 | D2: 项目名称 | E2: 实施单位 | F2: 法定 代表人 | G2: 财政支持内容 | H2: 面积（平方米） | I2: 奖补标准 | J2: 县区审定奖补 金额（万元） | K2: 核查审定奖补 金额（万元） | L2: 拟补贴金额市级拨付 | M2: 备注 | N2: 市级系数 | O2: 县区系数
A3: 1 | B3: 烈山区 | C3: 支持肉牛养殖扩容增量 | D3: 支持肉牛养殖扩容增量 | E3: 安徽皖犇牧业有限公司 | F3: 陈少华 | G3: 支持肉牛养殖扩容增量 | H3: 10944 | J3: 50 | L3: =ROUND(K3*N3,2) -> 0 | N3: =汇总1!F33 -> 0 | O3: =汇总1!F35 -> 0
A4: 2 | B4: 烈山区 | C4: 支持肉牛养殖扩容增量 | D4: 支持肉牛养殖扩容增量 | E4: 淮北市烈山区古饶秦小波养殖场 | F4: 秦小波 | G4: 支持肉牛养殖扩容增量 | H4: 7100 | J4: 35.5 | L4: =ROUND(K4*N4,2) -> 0 | N4: =汇总1!F33 -> 0 | O4: =汇总1!F35 -> 0
B5: 合 计 | J5: =SUM(J3:J4) -> 85.5 | L5: =SUM(L3:L4) -> 0

Sheet 8.2、推动肉牛提档升级
A1: 推动肉牛产业提档升级项目汇总表
A2: 序号 | B2: 县区 | C2: 财政支持内容 | D2: 项目名称 | E2: 实施单位 | F2: 法定 代表人 | G2: 财政支持内容 | H2: 屠宰数量（头） | I2: 奖补标准 | J2: 县区审定奖补 金额（万元） | K2: 核查审定奖补 金额（万元） | L2: 拟补贴金额市级拨付 | M2: 备注 | N2: 市级系数 | O2: 县区系数
A3: 1 | B3: 烈山区 | C3: 肉牛产业提档升级 | D3: 肉牛产业提档升级 | E3: 安徽木兰农牧科技有限公司 | F3: 张兰 | G3: 肉牛产业提档升级 | H3: 145 | J3: 2.9 | L3: =ROUND(K3*N3,2) -> 0 | N3: =汇总1!F33 -> 0 | O3: =汇总1!F35 -> 0
A4: 2 | B4: 烈山区 | C4: 肉牛产业提档升级 | D4: 肉牛产业提档升级 | E4: 淮北市鑫牛牧业有限公司 | F4: 朱成义 | G4: 肉牛产业提档升级 | H4: 116 | J4: 2.32 | L4: =ROUND(K4*N4,2) -> 0 | N4: =汇总1!F33 -> 0 | O4: =汇总1!F35 -> 0
B5: 合 计 | J5: =SUM(J3:J4) -> 5.22 | L5: =SUM(L3:L4) -> 0

Sheet 8.3、完善财政金融保险政策服务
A1: 完善财政金融保险政策服务项目汇总表
A2: 序号 | B2: 县区 | C2: 财政支持内容 | D2: 项目名称 | E2: 实施单位 | F2: 统一社会信用代码 | G2: 法定 代表人 | H2: 法定代表人身份证号 | I2: 联系方式（姓名、电话） | J2: 财政支持内容 | K2: 奖补标准 | L2: 县区审定奖补 金额（万元） | M2: 核查审定奖补 金额（万元） | N2: 拟补贴金额市级拨付 | O2: 备注 | P2: 市级系数 | Q2: 县区系数
A3: 1 | N3: =ROUND(M3*P3,2) -> 0 | P3: =汇总1!F33 -> 0 | Q3: =汇总1!F35 -> 0
A4: 2 | N4: =ROUND(M4*P4,2) -> 0 | P4: =汇总1!F33 -> 0 | Q4: =汇总1!F35 -> 0
A5: 3 | N5: =ROUND(M5*P5,2) -> 0 | P5: =汇总1!F33 -> 0 | Q5: =汇总1!F35 -> 0
A6: 4 | N6: =ROUND(M6*P6,2) -> 0 | P6: =汇总1!F33 -> 0 | Q6: =汇总1!F35 -> 0
A7: 5 | N7: =ROUND(M7*P7,2) -> 0 | P7: =汇总1!F33 -> 0 | Q7: =汇总1!F35 -> 0
B8: 合 计 | L8: =SUM(L3:L7) -> 0 | N8: =SUM(N3:N7) -> 0

Sheet 8.4、坚持科技赋能创新驱动
A1: 坚持科技赋能创新驱动项目汇总表
A2: 序号 | B2: 县区 | C2: 财政支持内容 | D2: 项目名称 | E2: 实施单位 | F2: 统一社会信用代码 | G2: 法定 代表人 | H2: 法定代表人身份证号 | I2: 联系方式（姓名、电话） | J2: 财政支持内容 | K2: 奖补标准 | L2: 县区审定奖补 金额（万元） | M2: 核查审定奖补 金额（万元） | N2: 拟补贴金额市级拨付 | O2: 备注 | P2: 市级系数 | Q2: 县区系数
A3: 1 | N3: =ROUND(M3*P3,2) -> 0 | P3: =汇总1!F33 -> 0 | Q3: =汇总1!F35 -> 0
A4: 2 | N4: =ROUND(M4*P4,2) -> 0 | P4: =汇总1!F33 -> 0 | Q4: =汇总1!F35 -> 0
A5: 3 | N5: =ROUND(M5*P5,2) -> 0 | P5: =汇总1!F33 -> 0 | Q5: =汇总1!F35 -> 0
A6: 4 | N6: =ROUND(M6*P6,2) -> 0 | P6: =汇总1!F33 -> 0 | Q6: =汇总1!F35 -> 0
A7: 5 | N7: =ROUND(M7*P7,2) -> 0 | P7: =汇总1!F33 -> 0 | Q7: =汇总1!F35 -> 0
B8: 合 计 | L8: =SUM(L3:L7) -> 0 | N8: =SUM(N3:N7) -> 0
